 Dungeon Crawl Stone Soup version 0.31-a0-1236-gaa9e43cceb (webtiles) character file.

Game seed: 6267590427280493325

12282 Baz the Frost Mage (level 11, -4/89 HPs)
             Began as a Barachi Ice Elementalist on Dec 15, 2023.
             Was a Believer of Vehumet.
             Slain by an ice dragon (12 damage)
             ... on level 2 of the Lair of Beasts.
             The game lasted 00:38:19 (13185 turns).

Baz the Frost Mage (Barachi Ice Elementalist)      Turns: 13185, Time: 00:38:20

Health: -4/89      AC:  5    Str: 12    XL:     11   Next: 90%
Magic:  8/23       EV: 13    Int: 24    God:    Vehumet [**....]
Gold:   453        SH:  0    Dex: 12    Spells: 8/26 levels left

rFire   + . .        x - +3 rapier (venom)
rCold   . . .        (no shield)
rNeg    . . .        N - +0 robe {Will+}
rPois   .            (no helmet)
rElec   .            w - +1 cloak
rCorr   .            l - +0 pair of gloves
SInv    .            (no boots)
Will    .....        (no amulet)
Stlth   ++           G - +6 ring of intelligence
HPRegen 0.34/turn    v - ring of protection from fire
MPRegen 0.18/turn

%: no passive effects
@: weak-willed, hasted, invisible, quick
A: amphibious, slowness 1, strong legs 1, +LOS
a: Hop, Renounce Religion


You were on level 2 of the Lair of Beasts.
You worshipped Vehumet.
Vehumet was pleased with you.
You visited 3 branches of the dungeon, and saw 12 of its levels.
You also visited: Sewer.

You collected 475 gold pieces.
You spent 22 gold pieces at shops.

Inventory:

Hand Weapons
 r - a +2 dagger of venom
 x - a +3 rapier of venom (weapon)
Missiles
 t - 2 throwing nets
Armour
 l - a +0 pair of gloves (worn)
 w - a +1 cloak (worn)
 N - a +0 robe of willpower (worn)
Magical Staves
 M - a staff of earth
Jewellery
 v - a ring of protection from fire (right hand)
 F - an amulet of guardian spirit
 G - a +6 ring of intelligence (left hand)
Wands
 A - a wand of flame (19)
 E - a wand of mindburst (20)
 J - a wand of iceblast (16)
 L - a wand of polymorph (14)
 O - a wand of quicksilver (5)
Scrolls
 a - a scroll of teleportation {unknown}
 c - a scroll of amnesia
 d - 3 scrolls of revelation
 e - 3 scrolls of enchant armour
 g - 2 scrolls of fog {unknown}
 h - 2 scrolls of fear {unknown}
 i - 2 scrolls of brand weapon {unknown}
 j - 2 scrolls of enchant weapon
 q - a scroll of butterflies {unknown}
 u - a scroll of poison {unknown}
 y - a scroll of blinking {unknown}
 B - a scroll of vulnerability
 D - 2 scrolls of noise {unknown}
 H - 2 scrolls of identify
 I - 2 scrolls of torment {unknown}
Potions
 b - 2 potions of magic
 f - 2 potions of mutation
 k - 4 potions of haste
 n - 3 potions of might {unknown}
 p - a potion of cancellation
 s - 3 potions of attraction {unknown}
 z - a potion of curing {unknown}
 C - 2 potions of degeneration {unknown}
 K - a potion of enlightenment
 P - a potion of lignification {unknown}


   Skills:
 + Level 9.3 Fighting
 - Level 3.8 Dodging
 - Level 1.7 Stealth
 + Level 8.2 Spellcasting
 + Level 8.4 Summonings
 * Level 14.0 Ice Magic
 + Level 7.2 Air Magic


You had 8 spell levels left.
You knew the following spells:

 Your Spells              Type           Power      Damage    Failure   Level
a - Freeze                Ice            100%       1d10      1%          1
b - Frozen Ramparts       Ice            100%       1d16      1%          3
c - Ozocubu's Armour      Ice            67%        N/A       1%          3
d - Summon Ice Beast      Ice/Summ       59%        N/A       1%          4
e - Mephitic Cloud        Conj/Pois/Air  21%        N/A       7%          3
f - Summon Lightning Spi  Summ/Air       47%        N/A       2%          4

Your spell library contained the following spells:

 Spells                   Type           Power      Damage    Failure   Level
 Scorch                   Fire           18%        2d5       10%         2
 Call Imp                 Summ           100%       N/A       1%          2
 Static Discharge         Conj/Air       54%        3-6/arc   2%          2
 Airstrike                Air            22%        2d(4-20)  3%          4
 Magic Dart               Conj           36%        1d4       6%          1
 Metabolic Englaciation   Hex/Ice        21%        N/A       10%         5
 Animate Dead             Necr           9%         N/A       54%         4
 Petrify                  Tmut/Erth      9%         N/A       54%         4
 Borgnjor's Vile Clutch   Necr/Erth      4%         N/A       87%         5
 Death Channel            Necr           4%         N/A       100%        6


Dungeon Overview and Level Annotations

Branches:
Dungeon (9/15) Zot: 25405  Temple (1/1) D:5 Zot: 5949    Lair (2/5) D:8 Zot: 9440
  Swamp (0/4) Lair:2        Snake (0/4) Lair:2        Sewer (visited)
    Orc: D:9-12

Altars:
Ashenzari
Cheibriados
Dithmenos
Elyvilon
Fedhas
Gozag
Hepliaklqana
Kikubaaqudgha
Makhleb
Nemelex Xobeh
Okawaru
Qazlal
Ru
Trog
Uskayaw
Vehumet
Wu Jian
Xom
Yredelemnul
Zin

Shops:
D:2 ?   D:7 (

Annotations:
D:7 Dowan, Duvessa


Innate Abilities, Weirdness & Mutations

You are amphibious.
You cover ground slowly.
You can hop short distances.
You have an extended range of vision and can be seen from far away.


Message History

You hit the ice dragon.
The ice dragon looks as sick as possible!
The ice dragon is severely wounded.
The ice dragon bites you! The ice dragon claws you.
The ice dragon barely misses you.
Your ice beast hits the ice dragon but does no damage.
Unknown command.
You hit the ice dragon but do no damage.
The ice dragon is severely wounded.
The ice dragon breathes frost at you. The blast of cold hits you!!!
* * * LOW HITPOINT WARNING * * *
Unknown command.
You feel much better.
Your ice beast misses the ice dragon.
You hit the ice dragon but do no damage.
The ice dragon is severely wounded.
The ice dragon closely misses you. The ice dragon claws you!
The ice dragon tramples you but does no damage.
Your ice beast hits the ice dragon but does no damage.
Unknown command.
You hit the ice dragon but do no damage.
The ice dragon is severely wounded.
The ice dragon bites you!
* * * LOW HITPOINT WARNING * * *
The ice dragon barely misses you. The ice dragon tramples you!
* * * LOW HITPOINT WARNING * * *
You hold your ground!
Your ice beast hits the ice dragon but does no damage.
Unknown command.
You catch the helpless ice dragon completely off-guard!
You puncture the ice dragon!
The ice dragon is almost dead.
The blink frog blinks!
The ice dragon breathes frost at you. The blast of cold misses you.
Your ice beast hits the ice dragon but does no damage.
You hit the ice dragon but do no damage.
The ice dragon is almost dead.
The ice dragon bites you!
You die...

** ################# ***** ~*
###################~~~** ~*
################..~~~~,, ~***
##############....~~~,,, ~~~*
#############......~~~,, ,~~*
###########........,~~~~ ,,,*
#######YD§.†......F,~~~~ ,,,*
##..F..@#####......,,~~~ ,,**
##.###########.....,,~~~ ***
#..##############..,~~~~
**####***#.###############*****~~
*.P.#P..*#.############### *~~~
,.......*#[...############ ****
........*####.############ *
........#####.############*******
......................,,,,,,,,>,,


You could see an ice dragon (unable to see you, extremely poisoned, catching
breath, weak-willed, ally target), a blink frog (unable to see you) and a
friendly ice beast (summoned).

Vanquished Creatures
  Pikel (D:8)
  An elephant (Lair:2)
  5 cane toads
  6 komodo dragons
  2 blink frogs (Lair:2)
  2 raiju (D:8)
  Eustachio (D:4)
  4 yaks (Lair:2)
  A wyvern (D:7)
  3 water moccasins
  An ice beast (D:6)
  Pargi (Sewer)
  An orc warrior (D:5)
  2 ogres
  3 centaurs (D:7)
  A lemure (D:8)
  A kobold brigand (D:8)
  A brain worm (Sewer)
  4 scorpions
  7 bullfrogs
  A nameless horror (D:6)
  2 howler monkeys (D:7)
  2 centaur zombies (D:5)
  3 orc priests
  2 jellies
  A gnoll bouda (D:8)
  3 hounds
  Terence (D:2)
  An iguana (D:5)
  Natasha (thrice) (D:4)
  3 orc wizards
  2 killer bee zombies (D:5)
  8 gnolls
  7 adders
  A river rat (D:3)
  2 adder zombies (D:5)
  A worm (D:4)
  21 orcs
  9 ball pythons
  9 endoplasms
  3 giant cockroaches
  5 goblins
  7 hobgoblins
  11 jackals (D:1)
  4 quokkas
  6 bats
  10 frilled lizards
  13 kobolds
  4 rats
193 creatures vanquished.

Vanquished Creatures (collateral kills)
  A hydra (Lair:2)
  A two-headed ogre (D:8)
  An oklob plant (Lair:1)
  2 elephants
  Jeremiah (D:8)
  2 cane toads (Lair:1)
  A kobold demonologist (D:7)
  2 blink frogs (Lair:2)
  A water moccasin (Lair:1)
  A phantom (D:6)
  2 bullfrogs
  3 electric eels (D:8)
  An iguana (D:6)
  An orc wizard (D:7)
  An adder (D:6)
  A white imp (D:8)
  2 kobolds (D:8)
24 creatures vanquished.

Grand Total: 217 creatures vanquished

Notes
Turn   | Place    | Note
-------+----------+-------------------------------------------
     0 | D:1      | Baz the Barachi Ice Elementalist began the quest for the
                  | Orb.
     0 | D:1      | Reached XP level 1. HP: 13/13 MP: 3/3
   237 | D:1      | Reached skill level 5 in Ice Magic
   330 | D:1      | Reached XP level 2. HP: 20/20 MP: 3/5
   522 | D:1      | Reached skill level 1 in Fighting
   863 | D:1      | Reached XP level 3. HP: 15/26 MP: 0/6
  1255 | D:2      | Learned a level 3 spell: Frozen Ramparts
  1259 | D:2      | Learned a level 3 spell: Ozocubu's Armour
  1371 | D:2      | Found Xocipol's Magic Scroll Emporium.
  1411 | D:2      | Bought a scroll of identify for 22 gold pieces
  1461 | D:2      | Noticed Terence
  1475 | D:2      | Killed Terence
  1476 | D:2      | Reached XP level 4. HP: 6/33 MP: 0/8
  2077 | D:3      | Found a glowing drain.
  2104 | Sewer    | Entered a sewer
  2148 | Sewer    | Reached skill level 6 in Ice Magic
  2183 | Sewer    | Noticed Pargi
  2188 | Sewer    | Killed Pargi
  2189 | Sewer    | Reached XP level 5. HP: 39/39 MP: 2/9
  2317 | Sewer    | Reached XP level 6. HP: 40/46 MP: 2/11
  2634 | D:3      | Found a burning altar of Makhleb.
  2634 | D:3      | Found a blossoming altar of Fedhas.
  2796 | D:3      | Reached skill level 7 in Ice Magic
  2885 | D:3      | Learned a level 4 spell: Summon Ice Beast
  3029 | D:3      | Found a glowing silver altar of Zin.
  3030 | D:3      | Noticed an angel
  3227 | D:4      | Reached skill level 1 in Summonings
  3227 | D:4      | Reached XP level 7. HP: 49/52 MP: 6/12
  3237 | D:4      | Noticed Eustachio
  3285 | D:4      | Killed Eustachio
  3775 | D:4      | Noticed Natasha
  3785 | D:4      | Reached skill level 8 in Ice Magic
  3828 | D:4      | Killed Natasha
  3892 | D:4      | Noticed Natasha
  3900 | D:4      | Killed Natasha
  3933 | D:4      | Learned a level 3 spell: Mephitic Cloud
  4024 | D:4      | Noticed Natasha
  4033 | D:4      | Killed Natasha
  4164 | D:4      | Reached XP level 8. HP: 61/61 MP: 8/14
  4407 | D:5      | Entered Level 5 of the Dungeon
  4597 | D:5      | Reached skill level 1 in Air Magic
  4912 | D:5      | Found a staircase to the Ecumenical Temple.
  4926 | Temple   | Entered the Ecumenical Temple
  4947 | Temple   | Became a worshipper of Vehumet
  5329 | D:5      | Found a basalt altar of Yredelemnul.
  5726 | D:5      | Reached skill level 9 in Ice Magic
  5790 | D:5      | Reached skill level 5 in Fighting
  6192 | D:6      | Reached skill level 5 in Spellcasting
  6340 | D:6      | Found a broken altar of Ashenzari.
  6841 | D:6      | Reached XP level 9. HP: 67/68 MP: 10/16
  7286 | D:7      | Noticed Duvessa
  7286 | D:7      | Noticed Dowan
  7754 | D:7      | Found an opulent altar of Gozag.
  7762 | D:7      | Reached skill level 10 in Ice Magic
  8166 | D:7      | Found a hazy altar of Hepliaklqana.
  8279 | D:7      | Reached * piety under Vehumet
  8279 | D:7      | Offered knowledge of Foxfire by Vehumet.
  8300 | D:7      | Found Iremumon's Hydra Hut.
  8303 | D:7      | Noticed an eight-headed hydra
  8603 | D:8      | Noticed a two-headed ogre
  8604 | D:8      | Noticed a kobold demonologist
  8631 | D:8      | Noticed a komodo dragon
  8644 | D:8      | Killed a komodo dragon
  8645 | D:8      | Reached skill level 5 in Summonings
  8732 | D:8      | Noticed an elephant
  8747 | D:8      | Killed an elephant
  8906 | D:8      | Noticed Jeremiah
  8917 | D:7      | Killed a kobold demonologist
  8918 | D:7      | Reached skill level 11 in Ice Magic
  8918 | D:7      | Reached XP level 10. HP: 68/77 MP: 5/19
  9341 | D:8      | Found a staircase to the Lair.
  9403 | D:8      | Learned a level 4 spell: Summon Lightning Spire
  9441 | D:8      | Found a snail-covered altar of Cheibriados.
  9617 | D:8      | Noticed Pikel
  9645 | D:8      | Killed a two-headed ogre
  9646 | D:8      | Reached skill level 5 in Air Magic
  9733 | D:8      | Killed Jeremiah
  9736 | D:8      | Killed Pikel
  9737 | D:8      | Reached skill level 12 in Ice Magic
 10523 | D:8      | Reached ** piety under Vehumet
 10523 | D:8      | Offered knowledge of Scorch by Vehumet.
 10692 | Lair:1   | Entered Level 1 of the Lair of Beasts
 10692 | Lair:1   | Noticed an oklob plant
 10692 | Lair:1   | Noticed a cane toad
 10697 | Lair:1   | Killed a cane toad
 10845 | Lair:1   | Reached XP level 11. HP: 56/86 MP: 8/21
 11427 | Lair:1   | Reached skill level 13 in Ice Magic
 12375 | Lair:1   | Killed an oklob plant
 12861 | Lair:2   | Noticed a four-headed hydra
 12870 | Lair:2   | Killed a four-headed hydra
 13153 | Lair:2   | Noticed an ice dragon
 13156 | Lair:2   | Reached skill level 14 in Ice Magic
 13185 | Lair:2   | Slain by an ice dragon

Illustrated notes

Levels and vault maps discovered:
D:1:      lemuel_arrival_broad_hall, layout_basic,
          chequers_serial_rivers_micro_d
D:2:      layout_loops_ring, serial_shops, shop, nicolae_elevator_lobby_plus,
          uniq_terence
D:3:      layout_rooms, zin_angel, nicolae_overflow_two_pavilions,
          portal_sewer_entry_a
D:4:      layout_loops_ring, hangedman_glass_garden, grunt_ministairs_6,
          minmay_misc_feat_encased, minivault_11, grunt_tough_drop,
          uniq_natasha, uniq_eustachio
D:5:      layout_basic, nicolae_yredelemnul_corpse_copse,
          minmay_temple_entry_wispy, nicolae_houndstooth_variations
D:6:      layout_basic, nicolae_ashenzari_skybound, kennysheep_potato
D:7:      nicolae_whirlpool, layout_gridville, nicolae_hepliaklqana_hippocampus,
          mainiacjoe_overflow_six_doors_small, doesnt_shop_hydraphobe,
          uniq_duvessa
D:8:      layout_cave_pools, mainiacjoe_overflow_cross_hatched,
          grunt_lair_entry_orc_guard_hut, nicolae_have_a_lightning_rod,
          uniq_pikel, uniq_jeremiah
D:9:      layout_roguey, led_sif_pool, erik_orc_3, minmay_misc_feat_square
Temple:   minmay_temple_bridge_abc
Lair:1:   layout_gridlike, minmay_lair_oklob_bushes,
          chequers_serial_rivers_large_a
Lair:2:   dragon1_lemuel, layout_big_grid, minmay_swamp_entry_swarm,
          guppyfry_snake_entry_garden, disabler_island, serial_bayou_shore_b,
          grunt_megastairs_2, uniq_maggie

Skill      XL: |  1  2  3  4  5  6  7  8  9 10 11 |
---------------+----------------------------------+-----
Ice Magic      | 5 6 7 8 9 11 12 14 | 14.0
Fighting       | 1 2 3 4 5 6 8 9 |  9.3
Dodging        | 3 |  3.8
Spellcasting   | 3 4 5 6 7 8 |  8.2
Summonings     | 1 2 4 5 7 8 |  8.4
Air Magic      | 2 4 5 7 |  7.2
Stealth        | |  1.7

Action                     |  1- 3 |  4- 6 |  7- 9 | 10-12 || total
---------------------------+-------+-------+-------+-------++-------
  Melee: Unarmed           |    23 |     1 |       |       ||    24
         Punch             |     1 |       |       |       ||     1
         Dagger            |       |     6 |    25 |       ||    31
         Rapier            |       |       |   117 |    26 ||   143
   Cast: Freeze            |    53 |    66 |    69 |    78 ||   266
         Frozen Ramparts   |     1 |     6 |    23 |    28 ||    58
         Summon Ice Beast  |       |       |    10 |    32 ||    42
         Ozocubu's Armour  |       |       |     3 |     2 ||     5
         Summon Lightning  |       |       |       |    10 ||    10
         Mephitic Cloud    |       |       |       |     1 ||     1
Ability: Hop               |       |     1 |     3 |       ||     4
    Use: Scroll            |     2 |       |     3 |     4 ||     9
         Potion            |       |       |     2 |     5 ||     7
   Stab: Sleeping          |       |     2 |       |     1 ||     3
         Invisible         |       |       |       |     1 ||     1
 Armour: Robe              |    43 |    45 |   214 |    96 ||   398
  Dodge: Dodged            |    46 |    50 |   222 |    82 ||   400

Table legend: (Time is in decaauts)
 A = Elapsed time spent in this place.
 B = Non-inter-level travel time spent in this place.
 C = Inter-level travel time spent in this place.
 D = Time resting spent in this place.
 E = Time spent auto-exploring this place.
 F = Levels seen in this place.
 G = Mean time per level.
                   A        B        C        D        E       F      G
               +--------+--------+--------+--------+--------+-----+--------+
         Total |  14427 |  14004 |    423 |   4744 |   6541 |  13 | 1109.8 |
       Dungeon |  11461 |  11088 |    373 |   3267 |   5674 |   9 | 1273.4 |
        Temple |     50 |     35 |     15 |      0 |      0 |   1 |   50.0 |
          Lair |   2558 |   2524 |     34 |   1281 |    867 |   2 | 1279.0 |
         Sewer |    357 |    357 |      0 |    196 |      0 |   1 |  357.0 |
               +--------+--------+--------+--------+--------+-----+--------+

Top non-repeatable levels by time:
     D:7: 1996 daAuts
     D:8: 1898 daAuts
     D:5: 1863 daAuts
  Lair:1: 1804 daAuts
     D:4: 1409 daAuts
     D:1: 1201 daAuts
     D:2: 1136 daAuts
     D:6: 1127 daAuts
     D:3: 825 daAuts
  Lair:2: 754 daAuts
   Sewer: 357 daAuts
  Temple: 50 daAuts
     D:9: 1 daAuts
